 Dungeon Crawl Stone Soup version 0.31.0-12-g77e489cdc1 (webtiles) character file.

Game seed: 587986064533394774

156 Gadfly the Covered (level 5, -7/33 HPs)
             Began as a Gargoyle Fighter on Mar 1, 2024.
             Killed by divine providence
             ... invoked by an orc priest
              (15 damage)
             ... on level 4 of the Dungeon.
             The game lasted 00:04:13 (2800 turns).

Gadfly the Covered (Gargoyle Fighter)               Turns: 2800, Time: 00:04:14

Health: -7/33      AC: 11    Str: 19    XL:     5   Next: 38%
Magic:  6/6        EV:  9    Int:  9    God:
Gold:   95         SH:  4    Dex: 11    Spells: 4/4 levels left

rFire   . . .        a - +0 flail
rCold   . . .        c - +0 buckler
rNeg    + . .        g - +0 scale mail
rPois   ∞            (no helmet)
rElec   +            (no cloak)
rCorr   .            (no gloves)
SInv    .            (no boots)
Will    .....        (no amulet) Stlth
                     (no ring)
HPRegen 0.25/turn    (no ring)
MPRegen 0.10/turn

%: no passive effects
@: no status effects
A: sickness immunity, AC +4, negative energy resistance 1, electricity
resistance, torment resistance 1, petrification resistance
a: no special abilities


You were on level 4 of the Dungeon.
You visited 1 branch of the dungeon, and saw 4 of its levels.

You collected 95 gold pieces.

Inventory:

Hand Weapons
 a - a +0 flail (weapon)
 b - a +1 whip of draining
 i - a +1 dagger of venom
 n - a +2 falchion of flaming
Armour
 c - a +0 buckler (worn)
 g - a +0 scale mail (worn)
Wands
 f - a wand of digging (6)
Scrolls
 e - 2 scrolls of vulnerability
 j - 4 scrolls of identify
 l - a scroll of teleportation
Potions
 d - 2 potions of might
 h - 2 potions of curing
 k - 2 potions of lignification
 m - a potion of mutation
 o - 2 potions of degeneration {unknown}


   Skills:
 + Level 3.8 Fighting
 * Level 3.1 Maces & Flails
 + Level 3.8 Armour
 + Level 3.7 Shields
 * Level 2.1 Invocations
 * Level 1.8 Evocations


You had 4 spell levels left.
You didn't know any spells.
Your spell library contained the following spells:

 Spells                   Type           Power      Damage    Failure   Level
 Ensorcelled Hibernation  Hex/Ice        0%         N/A       92%         2
 Passwall                 Erth           0%         N/A       99%         3
 Swiftness                Air            0%         N/A       99%         3
 Vhi's Electric Charge    Tloc/Air       0%         N/A       100%        4
 Arcjolt                  Conj/Air       0%         1d10      100%        5
 Plasma Beam              Fire/Air       0%         2x1d10    100%        6


Dungeon Overview and Level Annotations

Branches:
Dungeon (4/15)
 Temple: D:4-7

Altars:
Sif Muna
Wu Jian


Innate Abilities, Weirdness & Mutations

You are immune to sickness and miasma.
Your stone body is resilient. (AC +4)
You are immune to poison.
You resist negative energy. (rN+)
You are resistant to electric shocks. (rElec)
You are resistant to unholy torment.
You are immune to petrification.


Message History

The magic dart hits you!
The orc priest begins to cast a cantrip, but forgets the words!
The orc wizard casts a spell at you.
The magic dart hits you but does no damage.
The dart slug launches a dart at you. The slug dart hits you.
The orc wizard gestures at you while chanting.
You resist with some effort. The orc wizard casts a spell at you.
The magic dart hits you.
The orc wizard hits you but does no damage.
You hit the orc but do no damage. The orc barely misses you.
The orc wizard hits you but does no damage.
The orc wizard mumbles some strange words.
The orc wizard flickers and vanishes!
Deactivating autopickup; reactivate with Ctrl-A.
The dart slug launches a dart at you. The slug dart misses you.
The orc wizard hits you but does no damage.
The orc priest looks satisfied for a moment.
You bump into the rock wall.
You're too confused to move!
The orc priest hits you with a +0 short sword.
The orc barely misses you.
You bump into the rock wall.
The orc wizard gestures wildly while chanting.
The orc wizard flickers and vanishes!
The orc priest barely misses you. The orc hits you but does no damage.
Something completely misses you.
You miss the orc priest. Something hits you but does no damage.
The orc priest calls down the wrath of Beogh upon you.
Pain shoots through your body! The orc hits you but does no damage.
Something completely misses you.
Unknown command.
You feel less confused. The orc priest barely misses you.
The orc attacks as it pursues you! The orc barely misses you.
Something hits you.
* * * LOW HITPOINT WARNING * * *
The orc priest mumbles some strange prayers to Beogh against you.
Beogh smites you!
You die...

# ## ###### .##
###.####....##..#
##....##.........#
#.....##....#....!
#.....##.{ow......
######......o.........
##..#.#......@.........
#...........^..........
###.##......†.......#..
#####.......#.........##
.
.##..##.....#..........#
.#...............##....#
.##....................#
..#................$.#..
...................###..


You could see an orc priest, a dart slug and an orc.

Vanquished Creatures
  A bombardier beetle (D:3)
  The ghost of Arctor the Firebug, a weakling DEFE (D:3)
  2 adders (D:2)
  2 dart slugs
  An orc (D:3)
  7 bats
  8 endoplasms
  5 giant cockroaches
  5 goblins
  3 hobgoblins
  6 jackals
  4 quokkas
  6 ball pythons
  A frilled lizard (D:3)
  5 kobolds
  5 rats
  A spectral hobgoblin (D:1)
63 creatures vanquished.

Notes
Turn   | Place    | Note
-------+----------+-------------------------------------------
     0 | D:1      | Gadfly the Gargoyle Fighter began the quest for the Orb.
     0 | D:1      | Reached XP level 1. HP: 14/14 MP: 1/1
    75 | D:1      | Reached XP level 2. HP: 19/19 MP: 2/2
   254 | D:1      | Found a faded altar of an unknown god.
   485 | D:1      | Reached XP level 3. HP: 23/23 MP: 3/3
   774 | D:2      | Reached skill level 1 in Evocations
   914 | D:2      | Reached skill level 1 in Invocations
  1103 | D:2      | Found a shimmering blue altar of Sif Muna.
  1278 | D:2      | Reached XP level 4. HP: 28/28 MP: 4/4
  1806 | D:3      | Found an ornate altar of the Wu Jian Council.
  1856 | D:3      | Found a runed translucent door.
  1856 | D:3      | Noticed Arctor's ghost (weakling DEFE)
  1950 | D:3      | Reached XP level 5. HP: 33/33 MP: 6/6
  2702 | D:3      | Killed Arctor's ghost
  2800 | D:4      | Killed from afar by an orc priest

Illustrated notes

Levels and vault maps discovered:
D:1:      nicolae_arrival_memento_mori, layout_basic,
          dreamdust_ecumenical_altar_drowned_temple
D:2:      cheibrodos_old_hovel, layout_loops_ring, basic_altar,
          hangedman_decor_clover_reticule, kennysheep_boxes
D:3:      layout_basic, mainiacjoe_overflow_brackets,
          hellmonk_ghost_happy_afterlife, columned_hall_lemuel,
          nrook_mini_vaults
D:4:      layout_cave_pools, chequers_temple_overflow_statue_of_worship,
          minmay_misc_feat_rugged, uniq_grinder, uniq_natasha

Skill      XL: |  1  2  3  4  5 |
---------------+----------------+-----
Evocations     | 1 |  1.8
Invocations    | 1 2 |  2.1
Maces & Flails | 3 |  3.1
Fighting       | |  3.8
Armour         | |  3.8
Shields        | |  3.7

Action                     |  1- 3 |  4- 6 || total
---------------------------+-------+-------++-------
  Melee: Flail             |    67 |    15 ||    82
         Whip              |    17 |       ||    17
         Dagger            |    40 |    63 ||   103
    Use: Scroll            |     3 |     8 ||    11
 Armour: Scale mail        |    94 |    55 ||   149
  Dodge: Dodged            |    58 |    34 ||    92
  Block: Buckler           |    23 |    17 ||    40
